Login

San Diego Gulls vs Chicago Wolves

Created - 24 March 2024 at 02:14

Goals
1 2 3 T
San Diego Gulls 2 1 1 4
Chicago Wolves 2 1 3 6
Shots
1 2 3 T
San Diego Gulls 16 6 17 39
Chicago Wolves 3 6 16 25

GoalsPenalties
1st period
1. Chicago Wolves , Tuukka Tieksola 5 (Unassisted) at 10:14
2. Chicago Wolves , Anton Levtchi 7 (Tuukka Tieksola 5, Vasily Ponomarev 8) at 11:21
3. San Diego Gulls , Bo Groulx 4 (Drew Helleson 5, Colton White 7) at 14:22 (PP)
4. San Diego Gulls , Mason McTavish 5 (Brett Leason 8, Pavol Regenda 5) at 15:18 (PP)
Jamie Drysdale (SDG) for Interference (Minor) at 0:54
Gabriel Carlsson (CHI) for Hooking (Minor) at 13:48
Brendan Lemieux (CHI) for Interference (Minor) at 15:04
2nd period
5. San Diego Gulls , Pavol Regenda 9 (Mason McTavish 11, Drew Helleson 6) at 1:19
6. Chicago Wolves , Tuukka Tieksola 6 (Vasily Ponomarev 9, Scott Harrington 6) at 1:40
No Penalty
3rd period
7. San Diego Gulls , Brett Leason 6 (Nikita Nesterenko 1, Bo Groulx 7) at 1:53
8. Chicago Wolves , Vasily Ponomarev 6 (Scott Harrington 7) at 4:07
9. Chicago Wolves , Brendan Lemieux 2 (Seth Jarvis 4) at 6:01 (PP)
10. Chicago Wolves , Seth Jarvis 7 (Anttoni Honka 2, Ronan Seeley 3) at 19:42 (Empty Net)
Drew Helleson (SDG) for Holding (Minor) at 5:51
Connor Hvidston (SDG) for Roughing (Minor) at 7:26
Goalie Stats
Gage Alexander (SDG), 19 saves from 24 shots - (0.792), L, 0-1-0, 59:19 minutes
Kevin Poulin (CHI), 35 saves from 39 shots - (0.897), W, 1-3-0, 60:00 minutes
3 StarsOfficial
1 - Tuukka Tieksola (CHI)
2 - Vasily Ponomarev (CHI)
3 - Anton Levtchi (CHI)
Referees : TJ Luxmore and Mike Duco
Linesman : Matt MacPherson and Mark Shewchyk
Game Note
10:14 of 1st period - Penalty Shot by Tuukka Tieksola for Chicago Wolves - Goal!
Seth Jarvis has scored in a empty net!
Finance
Level 1 -- Attendance: 1740 (87.00%) -- Ticket Income $60,900
Level 2 -- Attendance: 948 (94.80%) -- Ticket Income $14,220
Total Attendance: 2688 (89.60%)
Total Ticket Income: $75,120
Other Income: $36,809
Total Income: $111,929



Team Name Goals Shots Shots Attemp Shots Blocked PIM HIT PP PK FO%
San Diego Gulls 4396996282 / 3 (67%)169%
Chicago Wolves 62546104211 / 2 (50%)231%

San Diego Gulls
Player Name POS G A P +/- PIM HIT SHT SB MP PP MP PP SHT PK MP PK SHT FO% FOT GA TA
Bo GroulxC112-2054117:570:1511:11073% 1510
Brayden TraceyLW000-2010118:050:1501:1100% 020
Brett LeasonRW112-1016222:200:3300:000100% 200
Chase De-LeoLW0000012013:400:0000:3900% 000
Chris MartenetD0000001014:420:0000:3300% 000
Colton WhiteD0110004222:070:4800:0000% 000
Connor HvidstonLW000020007:370:0000:0000% 000
Drew HellesonD0220253126:310:4802:1100% 012
Glenn GawdinC0000022015:060:0000:52050% 420
Jackson LaCombeD000-2010021:310:0001:4700% 010
Jacob PerreaultRW000-2021116:470:1500:0000% 000
Jamie DrysdaleD000-3221018:330:0000:5600% 001
Josh LopinaC000000000:000:0000:0000% 000
Judd CaulfieldRW0000021013:140:0000:0000% 100
Mason McTavishC112-1016020:350:3312:12075% 2810
Nikita NesterenkoC011003009:320:0000:0000% 110
Pavol RegendaLW112-1027120:340:3302:1100% 100
Trevor CarrickD000-1001016:580:0002:4900% 010
Chicago Wolves
Player Name POS G A P +/- PIM HIT SHT SB MP PP MP PP SHT PK MP PK SHT FO% FOT GA TA
Alexander PashinRW000-100006:390:0000:0000% 100
Anton LevtchiLW1014033118:421:4800:0000% 001
Anttoni HonkaD0112010014:510:3500:4800% 001
Austin PoganskiRW000000000:040:0000:0000% 000
Brendan LemieuxLW1010212022:162:1710:3400% 302
Callahan BurkeRW0000000021:222:1700:0000% 100
Cole ClaytonD000000002:120:0300:0000% 000
Dylan CoghlanD0000001121:581:1700:0000% 001
Gabriel CarlssonD0001203126:522:1600:1400% 000
Griffin MendelD0000022018:101:1700:0000% 001
Jamieson ReesC0000041014:570:0300:00025% 400
Noel GunlerRW0000000014:420:0300:0000% 001
Ronan SeeleyD0112000114:170:0000:3400% 000
Ryan SuzukiC000-1021116:530:0000:1400% 101
Scott HarringtonD0221002423:552:5100:0000% 000
Seth JarvisC112-1043024:312:1700:48034% 3221
Tuukka TieksolaRW2134023118:261:4800:0000% 000
Vasily PonomarevC1233024018:221:4800:00040% 1011

San Diego Gulls

5 vs 5 Forward
Line #Left WingCenterRight WingPHYDFOFWanted %Time %Time Play
1Pavol RegendaMason McTavishBrett Leason1224032%17:38
2Brayden TraceyBo GroulxJacob Perreault1223031%16:46
3Chase De-LeoGlenn GawdinJudd Caulfield1222023%12:50
4Connor HvidstonNikita NesterenkoBrett Leason1221014%7:36
5 vs 5 Defense
Line #DefenseDefensePHYDFOFWanted %Time %Time Play
1Drew HellesonColton White1224039%21:32
2Jackson LaCombeJamie Drysdale1223032%17:20
3Trevor CarrickChris Martenet1222023%12:53
4Drew HellesonJackson LaCombe122106%3:05
Power Play Forward
Line #Left WingCenterRight WingPHYDFOFWanted %Time %Time Play
1Pavol RegendaMason McTavishBrett Leason1226069%0:33
2Brayden TraceyBo GroulxJacob Perreault1224031%0:15
Power Play Defense
Line #DefenseDefensePHYDFOFWanted %Time %Time Play
1Drew HellesonColton White12260100%0:48
2Jackson LaCombeJamie Drysdale122400%0:00
Penalty Kill 4 Players Forward
Line #CenterWingPHYDFOFWanted %Time %Time Play
1Mason McTavishPavol Regenda1226071%2:57
2Bo GroulxBrayden Tracey1224029%1:11
Penalty Kill 4 Players Defense
Line #DefenseDefensePHYDFOFWanted %Time %Time Play
1Drew HellesonTrevor Carrick1226051%2:07
2Jackson LaCombeJamie Drysdale1224049%2:01
Penalty Kill 3 Players
Line #WingPHYDFOFWanted %Time %Time PlayDefenseDefensePHYDFOFWanted %Time %Time Play
1Mason McTavish122600%0:00 Drew HellesonTrevor Carrick122600%0:00
2Bo Groulx122400%0:00 Jackson LaCombeJamie Drysdale122400%0:00
4 vs 4 Forward
Line #CenterWingPHYDFOFWanted %Time %Time Play
1Mason McTavishPavol Regenda122600%0:00
2Bo GroulxBrayden Tracey122400%0:00
4 vs 4 Defense
Line #DefensePHYDFOFWanted %Time %Time Play
1Drew HellesonColton White122600%0:00
2Jackson LaCombeJamie Drysdale122400%0:00
Last Minutes Offensive
Left WingCenterRight WingDefenseDefense
Pavol RegendaMason McTavishBrett LeasonDrew HellesonColton White
Last Minutes Defensive
Left WingCenterRight WingDefenseDefense
Pavol RegendaMason McTavishBrett LeasonDrew HellesonColton White
Time
Total ForwardTotal DefenseLast Minutes OffensiveLast Minutes Defensive
60:00 60:00 0:140:00
Extra Forwards
Normal PowerPlayPenalty Kill
Glenn Gawdin, Nikita Nesterenko, Brayden TraceyGlenn Gawdin, Nikita NesterenkoGlenn Gawdin
Extra Defensemen
Normal PowerPlayPenalty Kill
Jamie Drysdale, Trevor Carrick, Chris MartenetJamie Drysdale, Jamie DrysdaleTrevor Carrick
Penalty Shots
Mason McTavish, Bo Groulx, Brett Leason, Pavol Regenda, Glenn Gawdin
Goalie
Gage Alexander, Calle Clang
Custom OT Lines Forwards
Mason McTavish, Bo Groulx, Brett Leason, Pavol Regenda, Glenn Gawdin, Nikita Nesterenko, Brayden Tracey, Chase De-Leo, Jacob Perreault, Judd Caulfield
Custom OT Lines Defensemen
Drew Helleson, Chris Martenet, Jackson LaCombe, Jamie Drysdale, Trevor Carrick
Scratches
Blake McLaughlin (Healthy), Lukas Dostal (Exhaustion)

Chicago Wolves

5 vs 5 Forward
Line #Left WingCenterRight WingPHYDFOFWanted %Time %Time Play
1Brendan LemieuxSeth JarvisCallahan Burke1224031%17:10
2Anton LevtchiVasily PonomarevTuukka Tieksola1223033%18:05
3Ryan SuzukiJamieson ReesNoel Gunler1222025%13:43
4Seth JarvisRyan SuzukiAlexander Pashin1221011%5:52
5 vs 5 Defense
Line #DefenseDefensePHYDFOFWanted %Time %Time Play
1Scott HarringtonGabriel Carlsson1224038%21:04
2Dylan CoghlanGriffin Mendel1223031%16:50
3Anttoni HonkaRonan Seeley1222024%13:09
4Dylan CoghlanGabriel Carlsson122107%3:47
Power Play Forward
Line #Left WingCenterRight WingPHYDFOFWanted %Time %Time Play
1Brendan LemieuxSeth JarvisCallahan Burke1226056%2:20
2Anton LevtchiVasily PonomarevTuukka Tieksola1224044%1:48
Power Play Defense
Line #DefenseDefensePHYDFOFWanted %Time %Time Play
1Scott HarringtonGabriel Carlsson1226069%2:51
2Dylan CoghlanGriffin Mendel1224031%1:17
Penalty Kill 4 Players Forward
Line #CenterWingPHYDFOFWanted %Time %Time Play
1Seth JarvisBrendan Lemieux12260100%0:48
2Callahan BurkeAnton Levtchi122400%0:00
Penalty Kill 4 Players Defense
Line #DefenseDefensePHYDFOFWanted %Time %Time Play
1Anttoni HonkaGabriel Carlsson12260100%0:48
2Dylan CoghlanGriffin Mendel122400%0:00
Penalty Kill 3 Players
Line #WingPHYDFOFWanted %Time %Time PlayDefenseDefensePHYDFOFWanted %Time %Time Play
1Seth Jarvis122600%0:00 Scott HarringtonGabriel Carlsson122600%0:00
2Brendan Lemieux122400%0:00 Dylan CoghlanGriffin Mendel122400%0:00
4 vs 4 Forward
Line #CenterWingPHYDFOFWanted %Time %Time Play
1Seth JarvisBrendan Lemieux122600%0:00
2Callahan BurkeAnton Levtchi122400%0:00
4 vs 4 Defense
Line #DefensePHYDFOFWanted %Time %Time Play
1Ronan SeeleyGabriel Carlsson122600%0:00
2Dylan CoghlanGriffin Mendel122400%0:00
Last Minutes Offensive
Left WingCenterRight WingDefenseDefense
Brendan LemieuxSeth JarvisCallahan BurkeScott HarringtonGabriel Carlsson
Last Minutes Defensive
Left WingCenterRight WingDefenseDefense
Brendan LemieuxSeth JarvisCallahan BurkeScott HarringtonGabriel Carlsson
Time
Total ForwardTotal DefenseLast Minutes OffensiveLast Minutes Defensive
60:00 60:00 0:000:14
Extra Forwards
Normal PowerPlayPenalty Kill
Seth Jarvis, Jamieson Rees, Ryan SuzukiSeth Jarvis, Jamieson ReesRyan Suzuki
Extra Defensemen
Normal PowerPlayPenalty Kill
Anttoni Honka, Ronan Seeley, Dylan CoghlanAnttoni Honka, Ronan SeeleyDylan Coghlan
Penalty Shots
Seth Jarvis, Brendan Lemieux, Callahan Burke, Anton Levtchi, Vasily Ponomarev
Goalie
Kevin Poulin, Dylan Wells
Custom OT Lines Forwards
Seth Jarvis, Brendan Lemieux, Callahan Burke, Anton Levtchi, Vasily Ponomarev, Jamieson Rees, Ryan Suzuki, Tuukka Tieksola, Noel Gunler, Alexander Pashin
Custom OT Lines Defensemen
Ronan Seeley, Gabriel Carlsson, Dylan Coghlan, Griffin Mendel, Anttoni Honka
Scratches
Liam Kirk (Healthy), Ville Koivunen (Healthy), Simon Kubicek (Healthy), Blake Murray (Healthy), Jussi Olkinuora (Healthy)


Play-by-Play

1st period


0:01 of 1st period - Mason McTavish wins face-off versus Callahan Burke in neutral zone.
0:54 of 1st period - Minor Penalty to Jamie Drysdale for Interference.
0:55 of 1st period - Mason McTavish wins face-off versus Seth Jarvis in San Diego Gulls zone.
2:46 of 1st period - Chase De-Leo is hit by Anton Levtchi and loses puck.
2:54 of 1st period - Penalty to Jamie Drysdale is over, Jamie Drysdale is back on ice.
4:11 of 1st period - Anton Levtchi is hit by Brett Leason.
4:43 of 1st period - Callahan Burke is hit by Jacob Perreault and loses puck.
5:04 of 1st period - Icing by Noel Gunler.
5:05 of 1st period - Glenn Gawdin wins face-off versus Jamieson Rees in Chicago Wolves zone.
5:06 of 1st period - Slapshot by Drew Helleson.
5:06 of 1st period - Shot Misses the Net.
5:27 of 1st period - Dylan Coghlan is hit by Chase De-Leo and loses puck.
5:58 of 1st period - Icing by Seth Jarvis.
5:59 of 1st period - Mason McTavish wins face-off versus Seth Jarvis in Chicago Wolves zone.
6:10 of 1st period - Wrist shot by Mason McTavish.
6:10 of 1st period - Shot Misses the Net.
6:12 of 1st period - Snap shot by Pavol Regenda.
6:12 of 1st period - Deflect By Mason McTavish.
6:12 of 1st period - Shot Misses the Net.
6:12 of 1st period - Puck is out of play.
6:13 of 1st period - Vasily Ponomarev wins face-off versus Mason McTavish in Chicago Wolves zone.
6:38 of 1st period - Bo Groulx is hit by Seth Jarvis and loses puck.
8:17 of 1st period - Slapshot by Mason McTavish.
8:17 of 1st period - Stopped by Kevin Poulin with a rebound.
9:13 of 1st period - Mason McTavish is hit by Anttoni Honka and loses puck.
9:24 of 1st period - Bo Groulx is hit by Anton Levtchi and loses puck.
10:01 of 1st period - Snap shot by Nikita Nesterenko.
10:01 of 1st period - Shot Misses the Net.
10:14 of 1st period - Penalty Shot by Tuukka Tieksola for Chicago Wolves.
10:14 of 1st period - Snap shot by Tuukka Tieksola.
10:14 of 1st period - Goal by Tuukka Tieksola - San Diego Gulls : 0 - Chicago Wolves : 1.
10:15 of 1st period - Seth Jarvis wins face-off versus Bo Groulx in neutral zone.
10:16 of 1st period - Mason McTavish wins face-off versus Seth Jarvis in Chicago Wolves zone.
10:29 of 1st period - Snap shot by Brendan Lemieux.
10:29 of 1st period - Shot Blocked by Brett Leason.
10:31 of 1st period - Snap shot by Callahan Burke.
10:31 of 1st period - Shot Misses the Net.
10:33 of 1st period - Slapshot by Gabriel Carlsson.
10:33 of 1st period - Shot Blocked by Pavol Regenda.
10:43 of 1st period - Anton Levtchi is hit by Bo Groulx and loses puck.
11:00 of 1st period - Bo Groulx is hit by Vasily Ponomarev and loses puck.
11:11 of 1st period - Anton Levtchi is hit by Jamie Drysdale.
11:15 of 1st period - Snap shot by Vasily Ponomarev.
11:15 of 1st period - Shot Misses the Net.
11:17 of 1st period - Wrist shot by Anton Levtchi.
11:17 of 1st period - Shot Blocked by Bo Groulx.
11:19 of 1st period - Snap shot by Tuukka Tieksola.
11:19 of 1st period - Deflect By Anton Levtchi.
11:19 of 1st period - Stopped by Gage Alexander with a rebound.
11:21 of 1st period - Snap shot by Anton Levtchi.
11:21 of 1st period - Goal by Anton Levtchi - San Diego Gulls : 0 - Chicago Wolves : 2.
11:22 of 1st period - Brett Leason wins face-off versus Seth Jarvis in neutral zone.
11:33 of 1st period - Wrist shot by Callahan Burke.
11:33 of 1st period - Shot Misses the Net.
12:33 of 1st period - Wrist shot by Mason McTavish.
12:33 of 1st period - Deflect By Pavol Regenda.
12:33 of 1st period - Stopped by Kevin Poulin without a rebound.
12:34 of 1st period - Bo Groulx wins face-off versus Seth Jarvis in Chicago Wolves zone.
12:39 of 1st period - Slapshot by Drew Helleson.
12:39 of 1st period - Deflect By Bo Groulx.
12:39 of 1st period - Shot Misses the Net.
12:39 of 1st period - Puck is out of play.
12:40 of 1st period - Seth Jarvis wins face-off versus Bo Groulx in Chicago Wolves zone.
12:40 of 1st period - Seth Jarvis is hit by Bo Groulx.
12:52 of 1st period - Slapshot by Drew Helleson.
12:52 of 1st period - Stopped by Kevin Poulin with a rebound.
12:54 of 1st period - Backhand shot by Colton White.
12:54 of 1st period - Shot Misses the Net.
12:56 of 1st period - Slapshot by Brayden Tracey.
12:56 of 1st period - Shot Blocked by Dylan Coghlan.
13:28 of 1st period - Slapshot by Drew Helleson.
13:28 of 1st period - Shot Blocked by Scott Harrington.
13:30 of 1st period - Slapshot by Colton White.
13:30 of 1st period - Stopped by Kevin Poulin without a rebound.
13:31 of 1st period - Jamieson Rees wins face-off versus Nikita Nesterenko in Chicago Wolves zone.
13:38 of 1st period - Snap shot by Jamieson Rees.
13:38 of 1st period - Shot Misses the Net.
13:48 of 1st period - Minor Penalty to Gabriel Carlsson for Hooking.
13:49 of 1st period - Seth Jarvis wins face-off versus Mason McTavish in Chicago Wolves zone.
14:22 of 1st period - Snap shot by Bo Groulx.
14:22 of 1st period - Goal by Bo Groulx - San Diego Gulls : 1 - Chicago Wolves : 2.
14:23 of 1st period - Mason McTavish wins face-off versus Seth Jarvis in neutral zone.
14:30 of 1st period - Snap shot by Mason McTavish.
14:30 of 1st period - Shot Misses the Net.
14:32 of 1st period - Wrist shot by Mason McTavish.
14:32 of 1st period - Stopped by Kevin Poulin with a rebound.
14:34 of 1st period - Wrist shot by Brett Leason.
14:34 of 1st period - Stopped by Kevin Poulin without a rebound.
14:35 of 1st period - Mason McTavish wins face-off versus Seth Jarvis in Chicago Wolves zone.
14:36 of 1st period - Snap shot by Pavol Regenda.
14:36 of 1st period - Stopped by Kevin Poulin with a rebound.
14:38 of 1st period - Wrist shot by Brett Leason.
14:38 of 1st period - Shot Misses the Net.
14:40 of 1st period - Snap shot by Brett Leason.
14:40 of 1st period - Stopped by Kevin Poulin without a rebound.
14:41 of 1st period - Mason McTavish wins face-off versus Seth Jarvis in Chicago Wolves zone.
14:42 of 1st period - Wrist shot by Pavol Regenda.
14:42 of 1st period - Stopped by Kevin Poulin without a rebound.
14:43 of 1st period - Mason McTavish wins face-off versus Seth Jarvis in Chicago Wolves zone.
15:04 of 1st period - Minor Penalty to Brendan Lemieux for Interference.
15:05 of 1st period - Mason McTavish wins face-off versus Seth Jarvis in Chicago Wolves zone.
15:18 of 1st period - Wrist shot by Brett Leason.
15:18 of 1st period - Deflect By Mason McTavish.
15:18 of 1st period - Goal by Mason McTavish - San Diego Gulls : 2 - Chicago Wolves : 2.
15:19 of 1st period - Mason McTavish wins face-off versus Seth Jarvis in neutral zone.
15:21 of 1st period - Drew Helleson is hit by Seth Jarvis and loses puck.
16:05 of 1st period - Wrist shot by Jamieson Rees.
16:05 of 1st period - Stopped by Gage Alexander with a rebound.
16:09 of 1st period - Snap shot by Jamieson Rees.
16:09 of 1st period - Deflect By Ryan Suzuki.
16:09 of 1st period - Shot Misses the Net.
16:09 of 1st period - Puck is out of play.
16:10 of 1st period - Mason McTavish wins face-off versus Seth Jarvis in San Diego Gulls zone.
16:14 of 1st period - Off-side.
16:15 of 1st period - Mason McTavish wins face-off versus Seth Jarvis in neutral zone.
16:20 of 1st period - Slapshot by Mason McTavish.
16:20 of 1st period - Stopped by Kevin Poulin with a rebound.
16:22 of 1st period - Slapshot by Brett Leason.
16:22 of 1st period - Shot Misses the Net.
16:24 of 1st period - Slapshot by Mason McTavish.
16:24 of 1st period - Shot Misses the Net.
16:26 of 1st period - Slapshot by Drew Helleson.
16:26 of 1st period - Stopped by Kevin Poulin with a rebound.
16:28 of 1st period - Slapshot by Colton White.
16:28 of 1st period - Deflect By Seth Jarvis.
16:28 of 1st period - Stopped by Kevin Poulin without a rebound.
16:29 of 1st period - Mason McTavish wins face-off versus Alexander Pashin in Chicago Wolves zone.
16:38 of 1st period - Slapshot by Seth Jarvis.
16:38 of 1st period - Shot Misses the Net.
16:54 of 1st period - Tuukka Tieksola is hit by Bo Groulx and loses puck.
17:15 of 1st period - Slapshot by Glenn Gawdin.
17:15 of 1st period - Shot Misses the Net.
17:20 of 1st period - Icing by Callahan Burke.
17:21 of 1st period - Mason McTavish wins face-off versus Brendan Lemieux in Chicago Wolves zone.
18:35 of 1st period - Gabriel Carlsson is hit by Bo Groulx.
18:39 of 1st period - Slapshot by Bo Groulx.
18:39 of 1st period - Stopped by Kevin Poulin with a rebound.
18:41 of 1st period - Wrist shot by Bo Groulx.
18:41 of 1st period - Stopped by Kevin Poulin without a rebound.
18:42 of 1st period - Vasily Ponomarev wins face-off versus Mason McTavish in Chicago Wolves zone.
Goals for this period are 2 for San Diego Gulls vs 2 for Chicago Wolves.
Shots for this period are 16 for San Diego Gulls vs 3 for Chicago Wolves.

2nd period


0:01 of 2nd period - Brett Leason wins face-off versus Ryan Suzuki in neutral zone.
0:08 of 2nd period - Slapshot by Brett Leason.
0:08 of 2nd period - Stopped by Kevin Poulin without a rebound.
0:09 of 2nd period - Seth Jarvis wins face-off versus Pavol Regenda in Chicago Wolves zone.
0:22 of 2nd period - Ryan Suzuki is hit by Pavol Regenda and loses puck.
1:19 of 2nd period - Snap shot by Mason McTavish.
1:19 of 2nd period - Deflect By Pavol Regenda.
1:19 of 2nd period - Goal by Pavol Regenda - San Diego Gulls : 3 - Chicago Wolves : 2.
1:20 of 2nd period - Bo Groulx wins face-off versus Vasily Ponomarev in neutral zone.
1:28 of 2nd period - Icing by Gabriel Carlsson.
1:29 of 2nd period - Bo Groulx wins face-off versus Vasily Ponomarev in Chicago Wolves zone.
1:30 of 2nd period - Snap shot by Brayden Tracey.
1:30 of 2nd period - Shot Blocked by Scott Harrington.
1:38 of 2nd period - Snap shot by Vasily Ponomarev.
1:38 of 2nd period - Shot Misses the Net.
1:40 of 2nd period - Snap shot by Tuukka Tieksola.
1:40 of 2nd period - Goal by Tuukka Tieksola - San Diego Gulls : 3 - Chicago Wolves : 3.
1:41 of 2nd period - Seth Jarvis wins face-off versus Mason McTavish in neutral zone.
1:45 of 2nd period - Icing by Drew Helleson.
1:46 of 2nd period - Mason McTavish wins face-off versus Seth Jarvis in San Diego Gulls zone.
2:13 of 2nd period - Wrist shot by Glenn Gawdin.
2:13 of 2nd period - Stopped by Kevin Poulin without a rebound.
2:14 of 2nd period - Vasily Ponomarev wins face-off versus Glenn Gawdin in Chicago Wolves zone.
2:35 of 2nd period - Vasily Ponomarev is hit by Judd Caulfield and loses puck.
2:46 of 2nd period - Glenn Gawdin is hit by Vasily Ponomarev and loses puck.
2:51 of 2nd period - Snap shot by Vasily Ponomarev.
2:51 of 2nd period - Deflect By Glenn Gawdin.
2:51 of 2nd period - Shot Misses the Net.
2:51 of 2nd period - Puck is out of play.
2:52 of 2nd period - Bo Groulx wins face-off versus Brendan Lemieux in San Diego Gulls zone.
3:01 of 2nd period - Wrist shot by Seth Jarvis.
3:01 of 2nd period - Stopped by Gage Alexander without a rebound.
3:02 of 2nd period - Bo Groulx wins face-off versus Seth Jarvis in San Diego Gulls zone.
3:09 of 2nd period - Wrist shot by Brendan Lemieux.
3:09 of 2nd period - Stopped by Gage Alexander without a rebound.
3:10 of 2nd period - Mason McTavish wins face-off versus Seth Jarvis in San Diego Gulls zone.
3:10 of 2nd period - Mason McTavish is hit by Seth Jarvis.
3:40 of 2nd period - Wrist shot by Bo Groulx.
3:40 of 2nd period - Stopped by Kevin Poulin without a rebound.
3:41 of 2nd period - Bo Groulx wins face-off versus Jamieson Rees in Chicago Wolves zone.
4:06 of 2nd period - Anton Levtchi is hit by Mason McTavish and loses puck.
4:15 of 2nd period - Slapshot by Mason McTavish.
4:15 of 2nd period - Shot Misses the Net.
4:57 of 2nd period - Wrist shot by Brendan Lemieux.
4:57 of 2nd period - Deflect By Seth Jarvis.
4:57 of 2nd period - Shot Blocked by Brett Leason.
4:57 of 2nd period - Puck is out of play.
4:58 of 2nd period - Bo Groulx wins face-off versus Seth Jarvis in San Diego Gulls zone.
5:09 of 2nd period - Snap shot by Seth Jarvis.
5:09 of 2nd period - Shot Blocked by Brayden Tracey.
5:11 of 2nd period - Backhand shot by Scott Harrington.
5:11 of 2nd period - Stopped by Gage Alexander without a rebound.
5:12 of 2nd period - Mason McTavish wins face-off versus Seth Jarvis in San Diego Gulls zone.
5:12 of 2nd period - Mason McTavish is hit by Seth Jarvis.
5:38 of 2nd period - Brayden Tracey is hit by Jamieson Rees and loses puck.
6:05 of 2nd period - Snap shot by Vasily Ponomarev.
6:05 of 2nd period - Stopped by Gage Alexander with a rebound.
6:07 of 2nd period - Slapshot by Gabriel Carlsson.
6:07 of 2nd period - Stopped by Gage Alexander with a rebound.
7:09 of 2nd period - Snap shot by Chase De-Leo.
7:09 of 2nd period - Stopped by Kevin Poulin with a rebound.
7:11 of 2nd period - Slapshot by Chase De-Leo.
7:11 of 2nd period - Shot Misses the Net.
7:13 of 2nd period - Slapshot by Glenn Gawdin.
7:13 of 2nd period - Stopped by Kevin Poulin with a rebound.
9:00 of 2nd period - Trevor Carrick is hit by Brendan Lemieux and loses puck.
10:19 of 2nd period - Jackson LaCombe is hit by Jamieson Rees and loses puck.
11:37 of 2nd period - Ronan Seeley is hit by Drew Helleson and loses puck.
12:08 of 2nd period - Callahan Burke is hit by Glenn Gawdin and loses puck.
13:10 of 2nd period - Dylan Coghlan is hit by Nikita Nesterenko and loses puck.
13:37 of 2nd period - Griffin Mendel is hit by Brayden Tracey and loses puck.
13:57 of 2nd period - Callahan Burke is hit by Drew Helleson and loses puck.
14:46 of 2nd period - Brendan Lemieux is hit by Judd Caulfield and loses puck.
15:26 of 2nd period - Noel Gunler is hit by Jamie Drysdale and loses puck.
15:43 of 2nd period - Jacob Perreault is hit by Ryan Suzuki and loses puck.
15:56 of 2nd period - Callahan Burke is hit by Nikita Nesterenko and loses puck.
17:07 of 2nd period - Mason McTavish is hit by Griffin Mendel and loses puck.
17:26 of 2nd period - Anton Levtchi is hit by Glenn Gawdin and loses puck.
19:54 of 2nd period - Chris Martenet is hit by Ryan Suzuki and loses puck.
Goals for this period are 1 for San Diego Gulls vs 1 for Chicago Wolves.
Shots for this period are 6 for San Diego Gulls vs 6 for Chicago Wolves.

3rd period


0:01 of 3rd period - Seth Jarvis wins face-off versus Mason McTavish in neutral zone.
0:14 of 3rd period - Snap shot by Mason McTavish.
0:14 of 3rd period - Stopped by Kevin Poulin with a rebound.
0:16 of 3rd period - Slapshot by Drew Helleson.
0:16 of 3rd period - Deflect By Mason McTavish.
0:16 of 3rd period - Shot Misses the Net.
0:16 of 3rd period - Puck is out of play.
0:17 of 3rd period - Bo Groulx wins face-off versus Vasily Ponomarev in Chicago Wolves zone.
0:30 of 3rd period - Backhand shot by Vasily Ponomarev.
0:30 of 3rd period - Shot Blocked by Jacob Perreault.
0:32 of 3rd period - Slapshot by Vasily Ponomarev.
0:32 of 3rd period - Stopped by Gage Alexander with a rebound.
0:47 of 3rd period - Wrist shot by Gabriel Carlsson.
0:47 of 3rd period - Stopped by Gage Alexander with a rebound.
0:49 of 3rd period - Wrist shot by Gabriel Carlsson.
0:49 of 3rd period - Shot Misses the Net.
0:51 of 3rd period - Slapshot by Dylan Coghlan.
0:51 of 3rd period - Shot Misses the Net.
0:53 of 3rd period - Slapshot by Dylan Coghlan.
0:53 of 3rd period - Deflect By Seth Jarvis.
0:53 of 3rd period - Stopped by Gage Alexander with a rebound.
1:07 of 3rd period - Snap shot by Jamieson Rees.
1:07 of 3rd period - Shot Blocked by Colton White.
1:31 of 3rd period - Slapshot by Vasily Ponomarev.
1:31 of 3rd period - Shot Misses the Net.
1:33 of 3rd period - Snap shot by Vasily Ponomarev.
1:33 of 3rd period - Stopped by Gage Alexander with a rebound.
1:51 of 3rd period - Snap shot by Brett Leason.
1:51 of 3rd period - Shot Misses the Net.
1:53 of 3rd period - Slapshot by Brett Leason.
1:53 of 3rd period - Goal by Brett Leason - San Diego Gulls : 4 - Chicago Wolves : 3.
1:54 of 3rd period - Seth Jarvis wins face-off versus Mason McTavish in neutral zone.
1:54 of 3rd period - Seth Jarvis is hit by Jackson LaCombe.
2:03 of 3rd period - Snap shot by Brett Leason.
2:03 of 3rd period - Stopped by Kevin Poulin with a rebound.
2:05 of 3rd period - Wrist shot by Mason McTavish.
2:05 of 3rd period - Stopped by Kevin Poulin with a rebound.
2:07 of 3rd period - Wrist shot by Jamie Drysdale.
2:07 of 3rd period - Stopped by Kevin Poulin with a rebound.
2:09 of 3rd period - Snap shot by Brett Leason.
2:09 of 3rd period - Stopped by Kevin Poulin with a rebound.
2:19 of 3rd period - Tuukka Tieksola is hit by Bo Groulx and loses puck.
3:11 of 3rd period - Snap shot by Brayden Tracey.
3:11 of 3rd period - Deflect By Jacob Perreault.
3:11 of 3rd period - Stopped by Kevin Poulin with a rebound.
3:27 of 3rd period - Wrist shot by Pavol Regenda.
3:27 of 3rd period - Stopped by Kevin Poulin with a rebound.
3:29 of 3rd period - Wrist shot by Brett Leason.
3:29 of 3rd period - Shot Blocked by Scott Harrington.
3:31 of 3rd period - Slapshot by Trevor Carrick.
3:31 of 3rd period - Stopped by Kevin Poulin with a rebound.
3:33 of 3rd period - Snap shot by Pavol Regenda.
3:33 of 3rd period - Shot Misses the Net.
3:35 of 3rd period - Slapshot by Drew Helleson.
3:35 of 3rd period - Shot Blocked by Anton Levtchi.
3:37 of 3rd period - Backhand shot by Colton White.
3:37 of 3rd period - Stopped by Kevin Poulin without a rebound.
3:38 of 3rd period - Seth Jarvis wins face-off versus Glenn Gawdin in Chicago Wolves zone.
4:07 of 3rd period - Slapshot by Vasily Ponomarev.
4:07 of 3rd period - Goal by Vasily Ponomarev - San Diego Gulls : 4 - Chicago Wolves : 4.
4:08 of 3rd period - Mason McTavish wins face-off versus Brendan Lemieux in neutral zone.
4:43 of 3rd period - Wrist shot by Scott Harrington.
4:43 of 3rd period - Deflect By Brayden Tracey.
4:43 of 3rd period - Stopped by Gage Alexander with a rebound.
4:45 of 3rd period - Snap shot by Vasily Ponomarev.
4:45 of 3rd period - Shot Blocked by Drew Helleson.
4:47 of 3rd period - Slapshot by Gabriel Carlsson.
4:47 of 3rd period - Stopped by Gage Alexander without a rebound.
4:48 of 3rd period - Glenn Gawdin wins face-off versus Jamieson Rees in San Diego Gulls zone.
5:20 of 3rd period - Snap shot by Pavol Regenda.
5:20 of 3rd period - Stopped by Kevin Poulin with a rebound.
5:22 of 3rd period - Slapshot by Chris Martenet.
5:22 of 3rd period - Stopped by Kevin Poulin with a rebound.
5:24 of 3rd period - Backhand shot by Pavol Regenda.
5:24 of 3rd period - Shot Blocked by Ronan Seeley.
5:36 of 3rd period - Bo Groulx is hit by Tuukka Tieksola and loses puck.
5:49 of 3rd period - Slapshot by Vasily Ponomarev.
5:49 of 3rd period - Shot Misses the Net.
5:51 of 3rd period - Minor Penalty to Drew Helleson for Holding.
5:52 of 3rd period - Seth Jarvis wins face-off versus Mason McTavish in San Diego Gulls zone.
6:01 of 3rd period - Wrist shot by Brendan Lemieux.
6:01 of 3rd period - Goal by Brendan Lemieux - San Diego Gulls : 4 - Chicago Wolves : 5.
6:02 of 3rd period - Mason McTavish wins face-off versus Seth Jarvis in neutral zone.
6:05 of 3rd period - Callahan Burke is hit by Pavol Regenda and loses puck.
6:37 of 3rd period - Anton Levtchi is hit by Jacob Perreault and loses puck.
7:26 of 3rd period - Minor Penalty to Connor Hvidston for Roughing.
7:27 of 3rd period - Mason McTavish wins face-off versus Seth Jarvis in San Diego Gulls zone.
8:49 of 3rd period - Tuukka Tieksola is hit by Drew Helleson and loses puck.
9:26 of 3rd period - Penalty to Connor Hvidston is over, Connor Hvidston is back on ice.
9:37 of 3rd period - Nikita Nesterenko is hit by Jamieson Rees and loses puck.
9:44 of 3rd period - Connor Hvidston is hit by Griffin Mendel and loses puck.
9:51 of 3rd period - Ryan Suzuki is hit by Nikita Nesterenko and loses puck.
10:04 of 3rd period - Nikita Nesterenko is hit by Jamieson Rees and loses puck.
10:17 of 3rd period - Slapshot by Dylan Coghlan.
10:17 of 3rd period - Stopped by Gage Alexander with a rebound.
10:19 of 3rd period - Snap shot by Griffin Mendel.
10:19 of 3rd period - Deflect By Brett Leason.
10:19 of 3rd period - Stopped by Gage Alexander with a rebound.
10:21 of 3rd period - Slapshot by Griffin Mendel.
10:21 of 3rd period - Stopped by Gage Alexander with a rebound.
10:23 of 3rd period - Slapshot by Ryan Suzuki.
10:23 of 3rd period - Stopped by Gage Alexander with a rebound.
10:25 of 3rd period - Snap shot by Noel Gunler.
10:25 of 3rd period - Deflect By Brett Leason.
10:25 of 3rd period - Shot Blocked by Colton White.
10:25 of 3rd period - Puck is out of play.
10:26 of 3rd period - Bo Groulx wins face-off versus Vasily Ponomarev in San Diego Gulls zone.
10:37 of 3rd period - Snap shot by Anton Levtchi.
10:37 of 3rd period - Stopped by Gage Alexander without a rebound.
10:38 of 3rd period - Seth Jarvis wins face-off versus Bo Groulx in San Diego Gulls zone.
11:12 of 3rd period - Slapshot by Colton White.
11:12 of 3rd period - Shot Blocked by Tuukka Tieksola.
11:14 of 3rd period - Slapshot by Colton White.
11:14 of 3rd period - Stopped by Kevin Poulin with a rebound.
11:16 of 3rd period - Snap shot by Judd Caulfield.
11:16 of 3rd period - Stopped by Kevin Poulin with a rebound.
11:52 of 3rd period - Wrist shot by Brett Leason.
11:52 of 3rd period - Shot Misses the Net.
12:56 of 3rd period - Judd Caulfield is hit by Anton Levtchi.
13:25 of 3rd period - Wrist shot by Pavol Regenda.
13:25 of 3rd period - Stopped by Kevin Poulin with a rebound.
13:27 of 3rd period - Slapshot by Drew Helleson.
13:27 of 3rd period - Stopped by Kevin Poulin with a rebound.
13:29 of 3rd period - Snap shot by Drew Helleson.
13:29 of 3rd period - Shot Blocked by Gabriel Carlsson.
13:31 of 3rd period - Snap shot by Pavol Regenda.
13:31 of 3rd period - Shot Misses the Net.
14:50 of 3rd period - Noel Gunler is hit by Drew Helleson and loses puck.
17:18 of 3rd period - Icing by Jackson LaCombe.
17:19 of 3rd period - Seth Jarvis wins face-off versus Bo Groulx in San Diego Gulls zone.
17:48 of 3rd period - Icing by Drew Helleson.
17:49 of 3rd period - Vasily Ponomarev wins face-off versus Judd Caulfield in San Diego Gulls zone.
18:06 of 3rd period - Ryan Suzuki is hit by Drew Helleson and loses puck.
18:53 of 3rd period - Backhand shot by Colton White.
18:53 of 3rd period - Shot Misses the Net.
18:55 of 3rd period - Snap shot by Judd Caulfield.
18:55 of 3rd period - Shot Blocked by Scott Harrington.
19:01 of 3rd period - San Diego Gulls, Gage Alexander is pulled from the net.
19:17 of 3rd period - Wrist shot by Chase De-Leo.
19:17 of 3rd period - Stopped by Kevin Poulin with a rebound.
19:19 of 3rd period - Wrist shot by Judd Caulfield.
19:19 of 3rd period - Shot Blocked by Ryan Suzuki.
19:28 of 3rd period - Off-side.
19:29 of 3rd period - Greg Cronin call a timeout for San Diego Gulls.
19:29 of 3rd period - Mason McTavish wins face-off versus Seth Jarvis in neutral zone.
19:34 of 3rd period - Slapshot by Trevor Carrick.
19:34 of 3rd period - Shot Misses the Net.
19:42 of 3rd period - Snap shot by Seth Jarvis.
19:42 of 3rd period - Goal by Seth Jarvis - San Diego Gulls : 4 - Chicago Wolves : 6.
19:42 of 3rd period - Gage Alexander from San Diego Gulls was sent back in the game.
19:43 of 3rd period - Bo Groulx wins face-off versus Vasily Ponomarev in neutral zone.
19:53 of 3rd period - Slapshot by Anton Levtchi.
19:53 of 3rd period - Deflect By Tuukka Tieksola.
19:53 of 3rd period - Stopped by Gage Alexander with a rebound.
19:55 of 3rd period - Snap shot by Anton Levtchi.
19:55 of 3rd period - Deflect By Tuukka Tieksola.
19:55 of 3rd period - Stopped by Gage Alexander without a rebound.
19:56 of 3rd period - Bo Groulx wins face-off versus Vasily Ponomarev in San Diego Gulls zone.
19:56 of 3rd period - Jackson LaCombe is hit by Tuukka Tieksola and loses puck.
Goals for this period are 1 for San Diego Gulls vs 3 for Chicago Wolves.
Shots for this period are 17 for San Diego Gulls vs 16 for Chicago Wolves.